[ AOE2 MATCH · #495783657 ]
UnrankedIncas vs Lithuanians
Player's team · WIN
[ REPLAY ANALYSIS · EXTRACTED FROM THE RECORDED GAME ]
Feudal
13:24
Castle
22:16
Imperial
48:14
| APM avg | 28.7 |
| APM peak | 79 |
| eAPM avg | 19.5 |
| Villagers / military | 133 / 100 |
Focus
⚔️ 33.5% · 🌾 66.5%
Kamayuk ×59 · Petard ×22 · Unknown (2550) ×12 · Skirmisher ×7 · Battering Ram ×7 · Trebuchet (Packed) ×3
Feudal
11:00
Castle
23:06
Imperial
39:48
| APM avg | 46.8 |
| APM peak | 102 |
| eAPM avg | 20.0 |
| Villagers / military | 140 / 55 |
Focus
⚔️ 27.8% · 🌾 72.2%
Knight ×19 · Militia ×10 · Archer ×9 · Leitis ×9 · Monk ×5 · Trebuchet (Packed) ×2
Match map
Initial resources + every placement click. Lines = walls · curves = elevation contours. ◆ gold · ⬟ stone · ● berries · ✦ relic · ◌ wall gap
Your base· Open — 11t gap
chinito_tu papi's base· Open — unwalled flank
Smoothed initial terrain · ◌ = detected wall gap · hover for details
Inputs per minute
— Henry The Lucky! - - chinito_tu papi
Build order — Henry The Lucky!
First 150 of 402 actions detected
| 0:04 | Research | Loom |
| 0:06 | Build | House |
| 0:34 | Queue | Villager (Male) |
| 0:46 | Queue | Villager (Male) |
| 0:47 | Queue | Villager (Male) |
| 0:47 | Queue | Villager (Male) |
| 1:32 | Queue | Villager (Male) |
| 2:16 | Queue | Villager (Male) |
| 2:36 | Queue | Villager (Male) |
| 3:12 | Queue | Villager (Male) |
| 3:22 | Build | Settlement |
| 3:23 | Queue | Villager (Male) |
| 3:53 | Queue | Villager (Male) |
| 4:05 | Build | House |
| 4:08 | Build | Palisade Wall |
| 4:25 | Queue | Villager (Male) |
| 4:25 | Queue | Villager (Male) |
| 4:50 | Build | Palisade Wall |
| 4:55 | Build | Palisade Wall |
| 4:57 | Build | Palisade Gate |
| 5:14 | Build | House |
| 5:16 | Build | Palisade Wall |
| 5:25 | Queue | Villager (Male) |
| 5:31 | Build | Palisade Wall |
| 5:41 | Build | Palisade Wall |
| 5:47 | Queue | Villager (Male) |
| 6:24 | Queue | Villager (Male) |
| 6:44 | Queue | Villager (Male) |
| 7:06 | Build | Farm |
| 7:09 | Build | Farm |
| 7:17 | Queue | Villager (Male) |
| 7:34 | Queue | Villager (Male) |
| 7:44 | Build | Farm |
| 8:20 | Build | Farm |
| 8:26 | Build | Outpost |
| 8:33 | Queue | Villager (Male) |
| 8:44 | Build | Farm |
| 8:47 | Build | Farm |
| 8:55 | Queue | Villager (Male) |
| 9:32 | Build | Farm |
| 9:50 | Build | Farm |
| 10:14 | Build | Farm |
| 10:37 | Build | Farm |
| 11:14 | Research | Feudal Age |
| 11:14 | Research | Feudal Age |
| 11:14 | Research | Feudal Age |
| 11:24 | Build | Barracks |
| 11:39 | Build | Palisade Wall |
| 11:40 | Build | Palisade Wall |
| 11:42 | Build | Palisade Wall |
| 11:42 | Build | Palisade Wall |
| 11:56 | Build | Farm |
| 12:18 | Queue | Unit 2550 |
| 12:24 | Queue | Unit 2550 |
| 12:58 | Build | Settlement |
| 13:07 | Queue | Unit 2550 |
| 13:24 | Age | Feudal Age |
| 13:29 | Build | Watch Tower |
| 13:32 | Build | Archery Range |
| 13:33 | Research | Double-Bit Axe |
| 13:37 | Research | Town Watch |
| 13:44 | Build | Palisade Wall |
| 13:45 | Build | Palisade Wall |
| 13:45 | Build | Palisade Wall |
| 13:51 | Build | Watch Tower |
| 13:59 | Queue | Villager (Male) |
| 14:24 | Queue | Skirmisher |
| 14:24 | Queue | Skirmisher |
| 14:36 | Research | Tech 1402 |
| 14:44 | Queue | Skirmisher |
| 15:09 | Queue | Villager (Male) |
| 15:16 | Build | Farm |
| 15:31 | Queue | Skirmisher |
| 15:34 | Queue | Villager (Male) |
| 16:05 | Queue | Villager (Male) |
| 16:08 | Build | Farm |
| 16:42 | Build | Market |
| 16:46 | Queue | Villager (Male) |
| 17:09 | Queue | Villager (Male) |
| 17:16 | Build | Farm |
| 17:25 | Build | Farm |
| 17:31 | Queue | Villager (Male) |
| 17:46 | Build | Farm |
| 17:58 | Queue | Villager (Male) |
| 18:21 | Build | Farm |
| 19:06 | Build | Farm |
| 19:17 | Build | Farm |
| 19:31 | Build | Outpost |
| 19:36 | Research | Castle Age |
| 20:02 | Queue | Spearman |
| 20:31 | Build | Palisade Wall |
| 20:33 | Build | Farm |
| 21:10 | Build | Farm |
| 21:11 | Build | Farm |
| 21:31 | Queue | Villager (Male) |
| 21:44 | Build | Watch Tower |
| 21:52 | Queue | Villager (Male) |
| 22:16 | Age | Castle Age |
| 22:24 | Build | House |
| 22:29 | Research | Squires |
| 22:34 | Research | Bow Saw |
| 22:45 | Build | Castle |
| 22:53 | Research | Arson |
| 22:57 | Queue | Villager (Male) |
| 23:12 | Queue | Skirmisher |
| 23:15 | Queue | Unit 2550 |
| 23:31 | Queue | Villager (Male) |
| 24:07 | Queue | Villager (Male) |
| 24:09 | Build | Blacksmith |
| 24:22 | Queue | Kamayuk |
| 24:22 | Queue | Kamayuk |
| 24:24 | Queue | Villager (Male) |
| 24:32 | Queue | Kamayuk |
| 24:35 | Research | Tech 1351 |
| 24:50 | Build | Farm |
| 24:52 | Build | House |
| 24:55 | Queue | Kamayuk |
| 24:55 | Queue | Kamayuk |
| 25:00 | Queue | Villager (Male) |
| 25:11 | Queue | Kamayuk |
| 25:22 | Queue | Kamayuk |
| 25:45 | Queue | Villager (Male) |
| 25:46 | Queue | Kamayuk |
| 25:59 | Queue | Kamayuk |
| 26:19 | Queue | Kamayuk |
| 26:20 | Queue | Villager (Male) |
| 26:43 | Build | Watch Tower |
| 26:45 | Build | Palisade Wall |
| 26:46 | Build | Palisade Wall |
| 26:46 | Build | Palisade Wall |
| 26:48 | Queue | Villager (Male) |
| 26:51 | Build | University |
| 27:08 | Queue | Villager (Male) |
| 27:31 | Queue | Villager (Male) |
| 27:40 | Build | Palisade Wall |
| 27:40 | Build | Palisade Wall |
| 27:41 | Build | Palisade Wall |
| 27:42 | Build | Palisade Wall |
| 27:43 | Build | Palisade Wall |
| 27:48 | Build | Farm |
| 27:59 | Build | Outpost |
| 28:00 | Research | Ballistics |
| 28:03 | Research | Fletching |
| 28:15 | Queue | Villager (Male) |
| 28:32 | Build | Outpost |
| 28:39 | Queue | Villager (Male) |
| 28:42 | Queue | Villager (Male) |
| 28:45 | Queue | Unit 2550 |
| 28:47 | Build | Farm |
| 29:02 | Queue | Unit 2550 |
Build order — chinito_tu papi
First 150 of 376 actions detected
| 0:01 | Queue | Villager (Male) |
| 0:03 | Build | House |
| 0:04 | Build | House |
| 0:25 | Research | Loom |
| 0:25 | Queue | Villager (Male) |
| 0:26 | Queue | Villager (Male) |
| 0:26 | Queue | Villager (Male) |
| 0:33 | Queue | Villager (Male) |
| 0:33 | Queue | Villager (Male) |
| 0:34 | Queue | Villager (Male) |
| 2:01 | Queue | Villager (Male) |
| 2:01 | Queue | Villager (Male) |
| 2:32 | Build | House |
| 2:36 | Queue | Villager (Male) |
| 2:37 | Queue | Villager (Male) |
| 2:42 | Build | Palisade Wall |
| 2:44 | Build | Palisade Wall |
| 2:46 | Build | Palisade Wall |
| 2:47 | Build | Palisade Wall |
| 3:15 | Build | Palisade Wall |
| 3:19 | Build | Palisade Wall |
| 3:23 | Build | Palisade Wall |
| 3:23 | Queue | Villager (Male) |
| 3:23 | Queue | Villager (Male) |
| 4:09 | Build | Palisade Wall |
| 5:00 | Queue | Villager (Male) |
| 5:00 | Queue | Villager (Male) |
| 5:00 | Queue | Villager (Male) |
| 5:33 | Build | Lumber Camp |
| 5:44 | Queue | Villager (Male) |
| 5:45 | Queue | Villager (Male) |
| 6:11 | Build | Mill |
| 6:18 | Queue | Villager (Male) |
| 6:18 | Queue | Villager (Male) |
| 6:34 | Queue | Villager (Male) |
| 6:34 | Queue | Villager (Male) |
| 6:34 | Queue | Villager (Male) |
| 7:06 | Queue | Villager (Male) |
| 7:06 | Queue | Villager (Male) |
| 7:07 | Queue | Villager (Male) |
| 8:26 | Build | House |
| 8:50 | Research | Feudal Age |
| 8:50 | Research | Feudal Age |
| 9:20 | Build | Barracks |
| 9:21 | Build | House |
| 9:53 | Build | House |
| 11:00 | Age | Feudal Age |
| 11:07 | Build | Archery Range |
| 11:07 | Queue | Villager (Male) |
| 11:11 | Build | Palisade Wall |
| 11:23 | Queue | Villager (Male) |
| 11:30 | Research | Double-Bit Axe |
| 11:31 | Research | Double-Bit Axe |
| 11:52 | Build | Watch Tower |
| 11:53 | Queue | Archer |
| 11:53 | Queue | Archer |
| 12:05 | Queue | Villager (Male) |
| 12:13 | Build | Blacksmith |
| 12:29 | Research | Town Watch |
| 13:00 | Build | Mining Camp |
| 13:12 | Build | Palisade Wall |
| 13:18 | Build | Palisade Wall |
| 13:25 | Queue | Villager (Male) |
| 13:56 | Queue | Villager (Male) |
| 14:07 | Build | Farm |
| 14:17 | Build | Farm |
| 14:18 | Build | Farm |
| 14:24 | Build | Farm |
| 14:28 | Build | Farm |
| 14:30 | Build | Farm |
| 14:51 | Build | Farm |
| 14:53 | Build | Farm |
| 15:06 | Queue | Villager (Male) |
| 15:33 | Build | Market |
| 15:38 | Research | Fletching |
| 15:39 | Research | Fletching |
| 15:42 | Build | Farm |
| 15:48 | Build | Farm |
| 15:51 | Queue | Villager (Male) |
| 15:51 | Queue | Villager (Male) |
| 16:01 | Build | Palisade Wall |
| 16:04 | Build | Palisade Wall |
| 16:15 | Queue | Villager (Male) |
| 16:19 | Queue | Archer |
| 16:19 | Queue | Archer |
| 16:54 | Queue | Villager (Male) |
| 17:09 | Queue | Villager (Male) |
| 17:13 | Research | Horse Collar |
| 17:13 | Research | Horse Collar |
| 17:19 | Build | Farm |
| 17:25 | Queue | Villager (Male) |
| 17:43 | Build | House |
| 17:51 | Queue | Archer |
| 17:54 | Queue | Villager (Male) |
| 18:14 | Build | House |
| 18:30 | Build | Farm |
| 18:34 | Build | Farm |
| 18:35 | Queue | Villager (Male) |
| 19:02 | Build | Stable |
| 19:13 | Queue | Villager (Male) |
| 19:37 | Build | Lumber Camp |
| 20:26 | Research | Castle Age |
| 20:26 | Research | Castle Age |
| 20:27 | Research | Castle Age |
| 20:40 | Build | Palisade Wall |
| 21:34 | Research | Scale Barding Armor |
| 21:35 | Research | Scale Barding Armor |
| 21:38 | Research | Bloodlines |
| 21:38 | Research | Bloodlines |
| 21:59 | Build | House |
| 22:40 | Queue | Spearman |
| 22:50 | Research | Gold Mining |
| 22:50 | Research | Gold Mining |
| 22:56 | Build | House |
| 22:58 | Queue | Villager (Male) |
| 23:06 | Age | Castle Age |
| 23:11 | Queue | Villager (Male) |
| 23:18 | Queue | Knight |
| 23:32 | Build | Town Center |
| 23:57 | Queue | Villager (Male) |
| 24:02 | Build | Farm |
| 24:04 | Queue | Villager (Male) |
| 24:32 | Queue | Villager (Male) |
| 24:38 | Build | Monastery |
| 24:39 | Queue | Villager (Male) |
| 24:42 | Queue | Villager (Male) |
| 24:49 | Build | Farm |
| 24:51 | Research | Crossbowman (upgrade) |
| 24:59 | Queue | Villager (Male) |
| 25:05 | Build | Archery Range |
| 25:06 | Queue | Villager (Male) |
| 25:10 | Build | Farm |
| 25:17 | Queue | Monk |
| 25:17 | Queue | Monk |
| 25:27 | Queue | Villager (Male) |
| 25:41 | Build | Farm |
| 25:55 | Research | Bodkin Arrow |
| 25:56 | Queue | Villager (Male) |
| 26:29 | Queue | Monk |
| 26:30 | Queue | Villager (Male) |
| 26:39 | Build | Stable |
| 26:40 | Queue | Villager (Male) |
| 26:58 | Queue | Villager (Male) |
| 27:03 | Queue | Knight |
| 27:03 | Queue | Knight |
| 27:06 | Queue | Villager (Male) |
| 27:09 | Build | Farm |
| 27:10 | Build | Farm |
| 27:11 | Queue | Villager (Male) |
| 27:34 | Build | House |
Match timeline
| 2:42 | chinito_tu papi · wall_segment Palisade Wall x1 |
| 2:44 | chinito_tu papi · wall_segment Palisade Wall x1 |
| 2:46 | chinito_tu papi · wall_segment Palisade Wall x1 |
| 2:47 | chinito_tu papi · wall_segment Palisade Wall x1 |
| 3:15 | chinito_tu papi · wall_segment Palisade Wall x1 |
| 3:19 | chinito_tu papi · wall_segment Palisade Wall x3 |
| 3:23 | chinito_tu papi · wall_segment Palisade Wall x3 |
| 4:08 | Henry The Lucky! · wall_segment Palisade Wall x3 |
| 4:09 | chinito_tu papi · wall_segment Palisade Wall x1 |
| 4:50 | Henry The Lucky! · wall_segment Palisade Wall x1 |
| 4:55 | Henry The Lucky! · wall_segment Palisade Wall x1 |
| 5:16 | Henry The Lucky! · wall_segment Palisade Wall x2 |
| 5:31 | Henry The Lucky! · wall_segment Palisade Wall x4 |
| 5:41 | Henry The Lucky! · wall_segment Palisade Wall x1 |
| 9:20 | chinito_tu papi · first_building Barracks |
| 11:00 | chinito_tu papi · age_up feudal |
| 11:07 | chinito_tu papi · first_building Archery Range |
| 11:11 | chinito_tu papi · wall_segment Palisade Wall x4 |
| 11:24 | Henry The Lucky! · first_building Barracks |
| 11:39 | Henry The Lucky! · wall_segment Palisade Wall x1 |
| 11:40 | Henry The Lucky! · wall_segment Palisade Wall x1 |
| 11:42 | Henry The Lucky! · wall_segment Palisade Wall x1 |
| 11:42 | Henry The Lucky! · wall_segment Palisade Wall x1 |
| 13:12 | chinito_tu papi · wall_segment Palisade Wall x1 |
| 13:18 | chinito_tu papi · wall_segment Palisade Wall x1 |
| 13:24 | Henry The Lucky! · age_up feudal |
| 13:32 | Henry The Lucky! · first_building Archery Range |
| 13:44 | Henry The Lucky! · wall_segment Palisade Wall x1 |
| 13:45 | Henry The Lucky! · wall_segment Palisade Wall x1 |
| 13:45 | Henry The Lucky! · wall_segment Palisade Wall x1 |
| 16:01 | chinito_tu papi · wall_segment Palisade Wall x1 |
| 16:04 | chinito_tu papi · wall_segment Palisade Wall x1 |
| 17:50 | Henry The Lucky! · first_market_buy 100 food |
| 18:43 | Henry The Lucky! · first_market_sell 100 stone |
| 19:02 | chinito_tu papi · first_building Stable |
| 19:18 | chinito_tu papi · first_market_buy 100 food |
| 20:31 | Henry The Lucky! · wall_segment Palisade Wall x1 |
| 20:40 | chinito_tu papi · wall_segment Palisade Wall x10 |
| 22:16 | Henry The Lucky! · age_up castle |
| 22:45 | Henry The Lucky! · first_building Castle |
| 23:06 | chinito_tu papi · age_up castle |
| 24:38 | chinito_tu papi · first_building Monastery |
| 26:45 | Henry The Lucky! · wall_segment Palisade Wall x1 |
| 26:46 | Henry The Lucky! · wall_segment Palisade Wall x1 |
| 26:46 | Henry The Lucky! · wall_segment Palisade Wall x1 |
| 27:40 | Henry The Lucky! · wall_segment Palisade Wall x1 |
| 27:40 | Henry The Lucky! · wall_segment Palisade Wall x1 |
| 27:41 | Henry The Lucky! · wall_segment Palisade Wall x1 |
| 27:42 | Henry The Lucky! · wall_segment Palisade Wall x1 |
| 27:43 | Henry The Lucky! · wall_segment Palisade Wall x1 |
| 30:03 | Henry The Lucky! · first_building Siege Workshop |
| 34:05 | Henry The Lucky! · wall_segment Palisade Wall x1 |
| 35:36 | chinito_tu papi · first_building Castle |
| 38:02 | chinito_tu papi · wall_segment Palisade Wall x1 |
| 38:03 | chinito_tu papi · wall_segment Palisade Wall x1 |
| 38:05 | chinito_tu papi · wall_segment Palisade Wall x1 |
| 39:48 | chinito_tu papi · age_up imperial |
| 46:14 | Henry The Lucky! · first_building Monastery |
| 48:14 | Henry The Lucky! · age_up imperial |
| 51:43 | chinito_tu papi · resign |
[ AI ANALYSIS · 1 CREDIT ]
What really happened in this match?
Wolo.gg analyzes every decision: build order, eco, micro, common mistakes by bracket. Personalized analysis on WhatsApp or Discord in 30 seconds.
Civ guide
Incas
Perfil
Henry The Lucky!